 Dungeon Crawl Stone Soup version 0.29.0-4-gdea44cf6ec (webtiles) character file.

Game seed: 12813508087673761475

70 qw the Chopper (level 4, -2/26 HPs)
             Began as a Tengu Warper on Aug 28, 2022.
             Slain by a gnoll
             ... wielding a +0 spear
              (5 damage)
             ... on level 3 of the Dungeon.
             The game lasted 00:00:13 (2338 turns).

qw the Chopper (Tengu Warper)                       Turns: 2338, Time: 00:00:13

Health: -2/26      AC:  4    Str: 13    XL:     4   Next: 21%
Magic:  8/8        EV: 12    Int: 14    God:
Gold:   87         SH:  0    Dex: 13    Spells: 7/7 levels left

rFire   . . .      SeeInvis .   Y - +0 hand axe
rCold   + . .      Faith    .   (no shield)
rNeg    . . .      Spirit   .   b - +0 leather armour
rPois   .          Reflect  .   (helmet restricted)
rElec   .          Harm     .   i - +0 cloak
rCorr   .          Rampage  .   (no gloves)
Will    .....                   (boots unavailable)
Stlth   +.........              (no amulet)
HPRegen 0.08/turn               f - ring of protection from cold
MPRegen 0.11/turn               (no ring)

@: about to teleport
A: beak, talons 3
a: no special abilities


You were on level 3 of the Dungeon.
You visited 1 branch of the dungeon, and saw 3 of its levels.

You collected 87 gold pieces.


Innate Abilities, Weirdness & Mutations

You have a beak for a mouth.
You have claws for feet.


   Skills:
 - Level 2.0 Fighting
 + Level 4.8 Axes
 - Level 1.0 Throwing
 - Level 1.1 Armour
 - Level 2.1 Dodging
 - Level 2.0 Spellcasting
 - Level 2.4 Translocations


You had 7 spell levels left.
You didn't know any spells.
Your spell library contained the following spells:

 Spells                   Type           Power      Damage    Failure   Level
 Blink                    Tloc           16%        N/A       17%         2
 Gell's Gravitas          Tloc           8%         N/A       34%         3
 Lesser Beckoning         Tloc           8%         N/A       34%         3
 Teleport Other           Tloc           8%         N/A       34%         3
 Manifold Assault         Tloc           8%         N/A       97%         5

Inventory:

Hand Weapons
 e - a +0 mace
 Y - a +0 hand axe (weapon)
Armour
 b - a +0 leather armour (worn)
 i - a +0 cloak (worn)
Jewellery
 f - a ring of protection from cold (left hand)
Scrolls
 a - a scroll of identify
Potions
 h - a potion of mutation
 k - a potion of might

Dungeon Overview and Level Annotations

Branches:
Dungeon (3/15)

Altars:


Message History

You enter the shallow water.
Moving in this stuff is going to be slow.
You enter the shallow water.
Moving in this stuff is going to be slow.
You enter the shallow water.
Moving in this stuff is going to be slow.
A gnoll is nearby!
Enter note:
Enter note:
2324 ||| Stepping ~*~*~tactically~*~*~ (stealth).
The gnoll shouts!
You hear a shout!
2326 ||| Stepping ~*~*~tactically~*~*~ (hiding).
You start waiting.
A gnoll is nearby!
2328 ||| Stepping ~*~*~tactically~*~*~ (hiding).
2329 ||| Stepping ~*~*~tactically~*~*~ (hiding).
The gnoll hits you from afar with a +0 spear.
The gnoll shouts!
The gnoll hits you with a +0 spear.
You closely miss the gnoll. You claw the gnoll.
The gnoll is moderately wounded.
The gnoll hits you with a +0 spear.
You hit the gnoll but do no damage. You claw the gnoll!
Your peck misses the gnoll.
The gnoll is almost dead.
The gnoll barely misses you. The gnoll misses you.
You barely miss the gnoll. Your kick misses the gnoll.
The gnoll is almost dead.
You hit the gnoll. Your kick misses the gnoll. Your peck misses the gnoll.
The gnoll is heavily wounded.
The gnoll closely misses you.
You hit the gnoll. Your kick misses the gnoll.
The gnoll is heavily wounded.
The gnoll hits you with a +0 flail! The gnoll closely misses you.
2338 ||| READING scroll of teleportation.
As you read the scroll of teleportation, it crumbles to dust.
You feel strangely unstable. The gnoll barely misses you.
The gnoll hits you from afar with a +0 spear.
You die...

#.~~~~## ##### #
#.~~~~.# ..... #
#.~~~~.#.....# .
##.~~~~~#.....#
...~~~~~#.....#
....~.~..g.....
#..~~~~.g....#
#..~~~~@# #.~~~~~.#
#..~~.~.# ##.~~~..#
##~~~~~##
##~~~~~..####
##~~~~~~~....#
#~~~~~~..###.######
~~~~~~.~###.......#


You could see 2 gnolls.

Vanquished Creatures
  A gnoll (D:3)
  An adder (D:2)
  A worm (D:2)
  A dart slug (D:1)
  4 bats
  3 endoplasms
  5 goblins
  A hobgoblin (D:2)
  4 jackals (D:2)
  7 kobolds (D:2)
  A quokka (D:2)
  6 ball pythons
  5 frilled lizards
  6 rats
46 creatures vanquished.

Notes
Turn   | Place    | Note
-------+----------+-------------------------------------------
     0 | D:1      | qw the Tengu Warper began the quest for the Orb.
     0 | D:1      | Reached XP level 1. HP: 12/12 MP: 4/4
     0 | D:1      | 0 ||| qw: Version: 0.1-a-89-g26bdef1
     0 | D:1      | 0 ||| qw: Game counter: 1138
     0 | D:1      | 0 ||| qw: Always use a shield: true
     0 | D:1      | 0 ||| qw: God list: Okawaru
     0 | D:1      | 0 ||| qw: Allow faded altars: false
     0 | D:1      | 0 ||| qw: Do Orc after D:15 true
     0 | D:1      | 0 ||| qw: Do second Lair branch before Depths: true
     0 | D:1      | 0 ||| qw: Lair rune preference: random
     0 | D:1      | 0 ||| qw: Plans: Normal
     0 | D:1      | 0 ||| PLANNING D:1-11
   152 | D:1      | Reached skill level 3 in Axes
   152 | D:1      | Reached XP level 2. HP: 17/17 MP: 6/6
   154 | D:1      | Found a faded altar of an unknown god.
   948 | D:1      | 948 ||| READING 4 scrolls labelled TUAPHI GAELOR.
   949 | D:1      | 949 ||| READING 3 scrolls labelled KOFIAQI EMNIW.
   954 | D:1      | 954 ||| READING scroll labelled JOYRIOTENO.
   955 | D:1      | 955 ||| READING 3 scrolls of identify.
   955 | D:1      | 955 ||| IDENTIFYING red potion
   956 | D:1      | 956 ||| READING 2 scrolls of identify.
   956 | D:1      | 956 ||| IDENTIFYING amethyst potion
   957 | D:1      | 957 ||| DROPPING scroll of blinking.
  1255 | D:2      | Reached XP level 3. HP: 20/21 MP: 7/7
  1326 | D:2      | Reached skill level 4 in Axes
  1446 | D:2      | 1446 ||| FLEEEEING.
  1527 | D:2      | 1527 ||| Stepping ~*~*~tactically~*~*~ (stealth).
  1528 | D:2      | 1528 ||| Stepping ~*~*~tactically~*~*~ (stealth).
  1529 | D:2      | 1529 ||| Stepping ~*~*~tactically~*~*~ (stealth).
  1530 | D:2      | 1530 ||| Stepping ~*~*~tactically~*~*~ (stealth).
  1532 | D:2      | 1532 ||| Stepping ~*~*~tactically~*~*~ (stealth).
  1533 | D:2      | 1533 ||| Stepping ~*~*~tactically~*~*~ (stealth).
  1545 | D:2      | 1545 ||| Stepping ~*~*~tactically~*~*~ (stealth).
  1547 | D:2      | 1547 ||| Stepping ~*~*~tactically~*~*~ (stealth).
  1548 | D:2      | 1548 ||| Stepping ~*~*~tactically~*~*~ (stealth).
  1549 | D:2      | 1549 ||| Stepping ~*~*~tactically~*~*~ (stealth).
  1897 | D:2      | 1897 ||| FLEEEEING.
  1901 | D:2      | 1901 ||| STAIRDANCE
  2042 | D:1      | 2042 ||| UPGRADING to +0 cloak.
  2047 | D:1      | 2047 ||| UPGRADING to ring of protection from cold.
  2048 | D:1      | 2048 ||| READING scroll labelled OHOFEC FARY.
  2049 | D:1      | 2049 ||| READING 4 scrolls of identify.
  2049 | D:1      | 2049 ||| IDENTIFYING sapphire potion
  2050 | D:1      | 2050 ||| READING 3 scrolls of identify.
  2050 | D:1      | 2050 ||| IDENTIFYING coppery potion
  2051 | D:1      | 2051 ||| READING 2 scrolls of identify.
  2051 | D:1      | 2051 ||| IDENTIFYING fizzy yellow potion
  2052 | D:1      | 2052 ||| DROPPING potion of brilliance.
  2053 | D:1      | 2053 ||| DROPPING potion of magic.
  2064 | D:2      | Reached XP level 4. HP: 26/26 MP: 8/8
  2146 | D:3      | HP: 6/26 [gnoll/+0 spear (2)]
  2147 | D:3      | 2147 ||| READING 2 scrolls of teleportation.
  2148 | D:3      | 2148 ||| DRINKING potion of heal wounds.
  2324 | D:3      | 2324 ||| Stepping ~*~*~tactically~*~*~ (stealth).
  2326 | D:3      | 2326 ||| Stepping ~*~*~tactically~*~*~ (hiding).
  2328 | D:3      | 2328 ||| Stepping ~*~*~tactically~*~*~ (hiding).
  2329 | D:3      | 2329 ||| Stepping ~*~*~tactically~*~*~ (hiding).
  2337 | D:3      | HP: 3/26 [gnoll/+0 flail (10)]
  2338 | D:3      | 2338 ||| READING scroll of teleportation.
  2338 | D:3      | Slain by a gnoll

Levels and vault maps discovered:
D:1:      wander_arrival_chamber, layout_basic,
          ebering_ecumenical_altar_abandoned
D:2:      minmay_kobold_bridge, layout_loops_ring, hex_large
D:3:      layout_basic, chequers_serial_rivers_large_a, st_stairs_7

Skill      XL: |  1  2  3 |
---------------+----------+-----
Axes           | 3 4 |  4.8
Fighting       | |  2.0
Throwing       | |  1.0
Armour         | |  1.1
Dodging        | |  2.1
Spellcasting   | |  2.0
Translocations | |  2.4

Action                   |  1- 3 |  4- 6 || total
-------------------------+-------+-------++-------
Melee: Hand axe          |    99 |    20 ||   119
       Peck              |     8 |     1 ||     9
       Kick              |    21 |     4 ||    25
Throw: Boomerang         |     7 |       ||     7
  Use: Scroll            |     9 |     2 ||    11
       Potion            |       |     1 ||     1
Armor: Leather armour    |    18 |     4 ||    22
Dodge: Dodged            |    51 |    31 ||    82

Table legend:
 A = Non-vault XP
 B = Vault XP
 C = Vault XP percentage of total XP
 D = Non-vault monster count
 E = Vault monster count
 F = Vault count percentage of total count
                 A         B        C        D         E       F
            +---------+---------+-------+---------+---------+-------
      Total |      94 |       6 |   6.0 |      42 |       4 |   8.7
            +---------+---------+-------+---------+---------+-------
        D:1 |      23 |       0 |   0.0 |      14 |       0 |   0.0
        D:2 |      53 |       6 |  10.2 |      24 |       4 |  14.3
        D:3 |      18 |       0 |   0.0 |       4 |       0 |   0.0
            +---------+---------+-------+---------+---------+-------
